 Dungeon Crawl Stone Soup version 0.31.0-11-ge490571c62 (webtiles) character file.

Game seed: 7081844163115115831

3731 Loverdose the Cleaver (level 9, -9/82 HPs)
             Began as a Minotaur Fighter on Jan 30, 2024.
             Was a Priest of Okawaru.
             Mangled by an orc warrior
             ... wielding a +0 glaive
              (20 damage)
             ... while paralysed by a hornet
             ... on level 8 of the Dungeon.
             The game lasted 00:27:57 (7488 turns).

Loverdose the Cleaver (Minotaur Fighter)            Turns: 7488, Time: 00:27:57

Health: -9/82      AC: 10    Str: 24    XL:     9   Next: 92%
Magic:  8/8        EV:  2    Int:  7    God:    Okawaru [***...]
Gold:   135        SH:  0    Dex:  9    Spells: 8/8 levels left

rFire   . . .        r - +2 broad axe (flame)
rCold   . . .        c - +0 buckler
rNeg    . . .        f - +4 ring mail
rPois   .            (helmet restricted)
rElec   .            (no cloak)
rCorr   +            (no gloves)
SInv    .            (no boots)
Will    .....        (no amulet) Stlth
                     h - ring of resist corrosion
HPRegen 0.33/turn    (no ring)
MPRegen 0.11/turn

%: no passive effects
@: paralysed, lethally poisoned (-9 -> -18), about to teleport, slowed
A: horns 2, retaliatory headbutt
a: Renounce Religion, Heroism


You were on level 8 of the Dungeon.
You worshipped Okawaru.
Okawaru was most pleased with you.
You visited 2 branches of the dungeon, and saw 9 of its levels.
You also visited: Sewer.

You collected 338 gold pieces.
You spent 203 gold pieces at shops.

Inventory:

Hand Weapons
 a - a +1 war axe
 r - a +2 broad axe of flaming (weapon)
Missiles
 p - a throwing net
Armour
 b - a +0 scale mail
 c - a +0 buckler (worn)
 f - a +4 ring mail (worn)
Jewellery
 h - a ring of resist corrosion (left hand)
 t - a +6 ring of strength
Wands
 v - a wand of flame (25)
 y - a wand of mindburst (8)
Scrolls
 j - a scroll of fear
 w - a scroll of blinking {unknown}
 x - a scroll of revelation
 z - a scroll of identify
Potions
 d - 2 potions of might
 e - 10 potions of curing
 g - a potion of heal wounds
 i - 4 potions of mutation
 l - 2 potions of resistance
 m - 2 potions of lignification
 n - 2 potions of degeneration
 o - 2 potions of attraction {unknown}
 q - 2 potions of brilliance {unknown}
 s - 2 potions of invisibility
 u - a potion of ambrosia {unknown}


   Skills:
 + Level 8.5 Fighting
 * Level 11.1 Axes
 + Level 8.4 Armour
 + Level 8.5 Shields


You had 8 spell levels left.
You didn't know any spells.
Your spell library contained the following spells:

 Spells                   Type           Power      Damage    Failure   Level
 Gell's Gravitas          Tloc           0%         N/A       93%         3
 Ozocubu's Armour         Ice            0%         N/A       93%         3
 Teleport Other           Tloc           0%         N/A       93%         3
 Metabolic Englaciation   Hex/Ice        0%         N/A       100%        5
 Dispersal                Tloc           0%         N/A       100%        6
 Sculpt Simulacrum        Ice/Alch       Unusable   N/A       N/A         6

Dungeon Overview and Level Annotations

Branches:
Dungeon (8/15)             Temple (1/1) D:4           Sewer (visited)
   Lair: D:8-11

Altars:
Ashenzari
Cheibriados
Dithmenos
Elyvilon
Fedhas
Gozag
Hepliaklqana
Kikubaaqudgha
Nemelex Xobeh
Okawaru
Qazlal
Ru
Uskayaw
Vehumet
Wu Jian
Xom
Zin
The Shining One

Shops:
D:2 (


Innate Abilities, Weirdness & Mutations

You have a pair of horns on your head.
You reflexively headbutt those who attack you in melee.


Message History

The orc priest calls down the wrath of Beogh upon you.
Beogh smites you!
The hornet moves out of view.
An orc comes into view. It is wielding a +0 hand axe of venom.
Found a mace.
The acid dragon roars!
The orc shouts!
The orc moves out of view.
Found 12 gold pieces.
The hornet stings you!
You feel yourself slow down. The orc hits you but does no damage.
The hornet stings you.
You are poisoned.
You feel as though you will be slow longer.
You feel very sick. The hornet attacks as it pursues you!
The hornet stings you.
You are more poisoned.
You feel as though you will be slow longer.
The orc attacks as it pursues you! The orc hits you with a +0 dagger.
The hornet stings you!
You feel as though you will be slow longer.
You feel very sick. You block the hornet's attack.
As you read the scroll of teleportation, it crumbles to dust.
You feel strangely unstable.
You feel very sick. The hornet closely misses you. The hornet stings you!
* * * LOW HITPOINT WARNING * * *
You are lethally poisoned!
You feel as though you will be slow longer.
You block the orc warrior's attack.
You feel much better.
You feel very sick. The hornet misses you. You block the hornet's attack.
The orc hits you but does no damage. The orc warrior misses you.
The hornet stings you!
You suddenly lose the ability to move!
The orc warrior hits you from afar with a +0 glaive!
* * * LOW HITPOINT WARNING * * *
You feel very sick. The hornet stings you.
* * * LOW HITPOINT WARNING * * *
You feel as though you will be slow longer.
The orc warrior hits you from afar with a +0 glaive!!
You die...

. ... . 8.. # # ..
# #.######.
#...#..o# #$..o.#
#o..###.#
###Do......# ##
########.@y#......#
..
>..........##...).#
.#
########.#........#
.## #.####......
..####### #.# .....
........# #.# .....
≈≈≈≈≈≈≈.# ##.# #
......≈.# #..#
#####.≈.# ###.##


You could see a hornet, an orc warrior, an acid dragon, an orc priest and 2
orcs.

Vanquished Creatures
  Pikel (D:5)
  Joseph (D:8)
  A troll (D:8)
  2 steam dragons (D:8)
  Duvessa (D:6)
  2 ice beasts
  An orc warrior (D:7)
  A sky beast (D:7)
  A black bear (D:5)
  An ogre (D:6)
  3 centaurs
  2 phantoms
  A lemure (D:5)
  3 bullfrogs
  2 gnoll sergeants
  3 scorpions
  Dowan (D:6)
  2 bombardier beetles
  5 hounds
  A jelly (D:6)
  An orc priest (D:4)
  3 iguanas
  3 sleepcaps
  3 orc wizards
  A mummy (D:5)
  15 gnolls
  18 adders
  2 river rats (Sewer)
  2 shadow imps (D:7)
  A dart slug (D:5)
  A ribbon worm (D:5)
  13 orcs
  10 ball pythons
  8 endoplasms
  6 giant cockroaches
  3 goblins
  2 hobgoblins
  3 jackals (D:1)
  2 kobolds
  2 quokkas
  4 bats
  7 frilled lizards
  A hobgoblin zombie (D:5)
  A kobold zombie (D:5)
  2 orc zombies (D:5)
  20 rats
169 creatures vanquished.

Notes
Turn   | Place    | Note
-------+----------+-------------------------------------------
     0 | D:1      | Loverdose the Minotaur Fighter began the quest for the Orb.
     0 | D:1      | Reached XP level 1. HP: 19/19 MP: 0/0
   262 | D:1      | Reached XP level 2. HP: 22/27 MP: 1/1
   312 | D:1      | Reached skill level 3 in Axes
   689 | D:2      | Found a blossoming altar of Fedhas.
   943 | D:2      | Reached XP level 3. HP: 33/33 MP: 2/2
   970 | D:2      | Found Bisink's Antique Weapon Boutique.
  1432 | D:3      | Found a glowing drain.
  1447 | D:3      | Reached XP level 4. HP: 19/40 MP: 3/3
  1449 | D:3      | Reached skill level 4 in Axes
  1456 | Sewer    | Entered a sewer
  1663 | Sewer    | Reached XP level 5. HP: 36/47 MP: 4/4
  1827 | Sewer    | Reached skill level 5 in Axes
  1828 | Sewer    | Reached skill level 5 in Fighting
  1828 | Sewer    | Reached XP level 6. HP: 54/56 MP: 5/5
  1832 | Sewer    | Reached skill level 5 in Armour
  1833 | Sewer    | Reached skill level 5 in Shields
  2359 | D:3      | Reached skill level 6 in Axes
  2759 | D:4      | Found a staircase to the Ecumenical Temple.
  2812 | D:4      | Reached XP level 7. HP: 10/61 MP: 6/6
  3268 | Temple   | Entered the Ecumenical Temple
  3292 | Temple   | Became a worshipper of Warmaster Okawaru
  3467 | D:5      | Entered Level 5 of the Dungeon
  3585 | D:5      | Found a sacrificial altar of Ru.
  3692 | D:5      | Reached skill level 7 in Axes
  3738 | D:5      | Reached * piety under Okawaru
  3760 | D:5      | Reached XP level 8. HP: 26/70 MP: 7/7
  4295 | D:5      | Identified the serpent talisman of Indecent Exposure
                  | {Stlth+}
  4526 | D:2      | Bought a runed broad axe for 203 gold pieces
  4887 | D:6      | Noticed Pikel
  4949 | D:5      | Killed Pikel
  4950 | D:5      | Reached skill level 8 in Axes
  4978 | D:6      | Noticed Dowan
  4979 | D:6      | Noticed Duvessa
  4984 | D:6      | Killed Dowan
  4986 | D:6      | Killed Duvessa
  5145 | D:6      | Reached ** piety under Okawaru
  5225 | D:6      | Reached skill level 9 in Axes
  5311 | D:6      | Reached XP level 9. HP: 50/79 MP: 8/8
  6530 | D:7      | Reached skill level 10 in Axes
  6883 | D:8      | Found a snail-covered altar of Cheibriados.
  6927 | D:8      | Noticed Joseph
  6954 | D:8      | Killed Joseph
  6954 | D:8      | Reached *** piety under Okawaru
  7265 | D:8      | Noticed a troll
  7274 | D:8      | Killed a troll
  7416 | D:8      | Found a glowing silver altar of Zin.
  7419 | D:8      | Found a shadowy altar of Dithmenos.
  7429 | D:8      | Reached skill level 11 in Axes
  7487 | D:8      | Paralysed by a hornet for 3 turns
  7488 | D:8      | Mangled by an orc warrior

Illustrated notes

Levels and vault maps discovered:
D:1:      denvon_arrival_waterhouse, layout_basic
D:2:      layout_basic, serial_shops, nicolae_shop_window_shopping, basic_altar
D:3:      layout_rooms, gup_sewer_entry_glass
D:4:      layout_rooms, minmay_temple_entry_slanted, minmay_misc_feat_doors,
          serial_library_hellmonk_layered_room
D:5:      layout_basic, nicolae_ru_awakened_eye, minmay_mini_ossuary
D:6:      layout_layer_cave, kennysheep_generic_room_5, uniq_duvessa, uniq_pikel
D:7:      layout_basic, serial_bayou_pond_d
D:8:      layout_rooms, slow_altar_1, nicolae_overflow_squiral,
          mainiacjoe_overflow_alcove_2, wad_dig_loot, uniq_joseph
Temple:   jpeg_temple_clearing

Skill      XL: |  1  2  3  4  5  6  7  8  9 |
---------------+----------------------------+-----
Axes           | 3 4 5 6 7 9 11 | 11.1
Fighting       | 4 5 6 7 8 |  8.5
Armour         | 4 5 6 7 8 |  8.4
Shields        | 4 5 6 7 8 |  8.5

Action                     |  1- 3 |  4- 6 |  7- 9 || total
---------------------------+-------+-------+-------++-------
  Melee: War axe           |    59 |   114 |    94 ||   267
         Headbutt          |     5 |    11 |    42 ||    58
         Broad axe         |       |       |   123 ||   123
    Use: Scroll            |     5 |     6 |     8 ||    19
         Potion            |       |       |     2 ||     2
 Armour: Ring mail         |    57 |   126 |   179 ||   362
  Dodge: Dodged            |    38 |    81 |   124 ||   243
  Block: Buckler           |    17 |    32 |    74 ||   123
